 Dungeon Crawl Stone Soup version 0.18-a0-1435-gee79d65 (webtiles) character file.

88 M4edhros the Vandal (level 4, -1/29 HPs)
             Began as an Octopode Hunter on Feb 29, 2016.
             Slain by a gnoll
             ... wielding a +0 spear
              (6 damage)
             ... on level 2 of the Dungeon.
             The game lasted 00:01:13 (1170 turns).

M4edhros the Vandal (Octopode Hunter)               Turns: 1170, Time: 00:01:14

Health: -1/29      AC:  1    Str: 11    XL:     4   Next: 54%
Magic:  4/4        EV: 13    Int: 13    God:
Gold:   68         SH:  0    Dex: 13    Spells: 0 memorised, 3 levels left

rFire  . . .     SeeInvis .     b - +0 short sword
rCold  . . .     Gourm    .     (no shield)
rNeg   . . .     Faith    .     (helmet restricted)
rPois  .         Spirit   .     (no amulet)
rElec  .         Dismiss  .     (no ring)
rCorr  .         Reflect  .     (no ring)
SustAt .         Harm     .     (no ring)
MR     .....                    (no ring)
Stlth  +++.......               (no ring)
                                (no ring)
                                (no ring)
                                (no ring)

@: not resistant to hostile enchantments, fairly stealthy
A: almost no armour, amphibious, 8 rings, constrict 8, camouflage 1, gelatinous
body 1
a: no special abilities


You were on level 2 of the Dungeon.
You were hungry.

You visited 1 branch of the dungeon, and saw 2 of its levels.

You collected 68 gold pieces.

Inventory:

Hand Weapons
 a - a +1 hunting sling
 b - a +0 short sword (weapon)
 i - a +2 vampiric short sword
Missiles
 c - 38 sling bullets
 k - 40 stones (quivered)
Jewellery
 n - an uncursed ring of positive energy {unknown}
Wands
 p - a wand of random effects (20/48)
Scrolls
 f - 3 scrolls of identify {unknown}
 g - 3 scrolls of remove curse
 h - a scroll of amnesia {unknown}
 l - a scroll of enchant weapon {unknown}
 o - a scroll of fog {unknown}
 r - a scroll of fear {unknown}
Potions
 e - a potion of cancellation {unknown}
 j - a potion of degeneration {unknown}
 m - 2 potions of invisibility {unknown}
 q - a potion of agility {unknown}
Comestibles
 d - 2 bread rations


   Skills:
 - Level 2.0 Fighting
 + Level 5.0 Slings
 + Level 3.4 Dodging
 - Level 1.3 Stealth


You had 3 spell levels left.
You didn't know any spells.

Dungeon Overview and Level Annotations

Branches:
Dungeon (2/15)

Altars:


Innate Abilities, Weirdness & Mutations

You cannot wear most types of armour.
You are amphibious.
You can wear up to eight rings at the same time.
You can use your tentacles to constrict eight enemies at once.
Your skin changes colour to match your surroundings (Stealth).
Your rubbery body absorbs attacks (AC +1).


Message History

You hit the ooze. You squeeze the ooze.
You kill the ooze!
A hobgoblin and 2 gnolls come into view.
The gnoll shouts!
A gnoll comes into view. It is wielding a flail.
There are monsters nearby!
The gnoll hits you from afar with a spear!
The gnoll shouts!
There are monsters nearby!
The gnoll shouts!
The gnoll hits you from afar with a spear.
The gnoll hits you with a flail.
* * * LOW HITPOINT WARNING * * *
The gnoll hits you with a spear.
* * * LOW HITPOINT WARNING * * *
You are too injured to fight recklessly!
There are monsters nearby!
There are monsters nearby!
The gnoll hits you from afar with a spear.
You die...

#.#.# #.#.#.#
############ #.#.#.#
#..........# #.#.#.#
#.#######.## #.#.#.#
#.#.. .#.# #.#.#.#
#.#.###.#.# #.#.#.#
#.#.#.gg#.# #.#.#†#
#.#.#.g.#.# #.#.#.#
#.#.@.g.#.#
#.#.#.#.####.#.###.#.#
#.#.#.#............#.#
##.#.#.##############(##
..>....>...............#
.#.#.#.#################
...#.#.# .###.#.#
.....#+#####


You could see 3 gnolls and a hobgoblin.

Vanquished Creatures
  Ijyb (D:2)
  Terence (D:2)
  An ooze (D:2)
  A worm (D:2)
  A dart slug (D:2)
  A giant gecko (D:1)
  A ball python (D:1)
  3 giant cockroaches
  A goblin (D:1)
  3 hobgoblins (D:1)
  3 bats (D:1)
  A giant newt (D:1)
  7 kobolds
  2 rats (D:1)
27 creatures vanquished.

Notes
Turn   | Place    | Note
--------------------------------------------------------------
     0 | D:1      | M4edhros the Octopode Hunter began the quest for the Orb.
     0 | D:1      | Reached XP level 1. HP: 14/14 MP: 1/1
   198 | D:1      | Reached XP level 2. HP: 12/19 MP: 2/2
   828 | D:2      | Reached XP level 3. HP: 21/24 MP: 3/3
   829 | D:2      | Noticed Terence
   830 | D:2      | Noticed Ijyb
   839 | D:2      | Killed Terence
   845 | D:2      | Killed Ijyb
   845 | D:2      | Reached skill level 5 in Slings
   845 | D:2      | Reached XP level 4. HP: 8/29 MP: 4/4
  1170 | D:2      | Slain by a gnoll

Vault maps used:
D:1:      nagdon_arrival_double_spiral
D:2:      minmay_kobold_bridge, nicolae_overflow_crystal_walls, fedhas_altar_4,
          uniq_terence, uniq_iyjb

Skill      XL: |  1  2  3 |
---------------+----------+-----
Dodging        | 3 |  3.4
Slings         | 5 |  5.0
Fighting       | |  2.0
Stealth        | |  1.3

Action                   |  1- 3 |  4- 6 || total
-------------------------+-------+-------++-------
Melee: Short sword       |    14 |    13 ||    27
 Fire: Hunting sling     |    65 |       ||    65
  Use: Scroll            |       |     1 ||     1
 Stab: Sleeping          |       |     2 ||     2
